 Dungeon Crawl Stone Soup version 0.26.1-2-gb8aa6d0cf2 (webtiles) character file.

Game seed: 8595157968492406757

107 dohliylev the Chopper (level 4, 0/41 HPs)
             Began as a Minotaur Berserker on Mar 24, 2021.
             Was a Believer of Trog.
             Slain by Crazy Yiuf
             ... wielding a +4 quarterstaff of chaos
              (3 damage)
             ... on level 3 of the Dungeon.
             The game lasted 00:03:55 (3128 turns).

dohliylev the Chopper (Minotaur Berserker)          Turns: 3128, Time: 00:03:56

Health: 0/41       AC:  5    Str: 23    XL:     4   Next: 56%
Magic:  3/3        EV: 12    Int:  4    God:    Trog [**....]
Gold:   179        SH:  0    Dex:  9    Spells: 3/3 levels left

rFire    . . .     SeeInvis .   a - +0 hand axe
rCold    . . .     Faith    .   (no shield)
rNeg     . . .     Spirit   .   o - +0 ring mail
rPois    .         Reflect  .   (helmet restricted)
rElec    .         Harm     .   (no cloak)
rCorr    .         Rampage  .   (no gloves)
Will     .....                  (no boots)
Stlth    ..........             (no amulet)
HPRegen  0.13/turn              (no ring)
MPRegen  0.08/turn              (no ring)

@: no status effects
A: retaliatory headbutt, horns 2
a: Renounce Religion, Berserk, Trog's Hand


You were on level 3 of the Dungeon.
You worshipped Trog.
Trog was pleased with you.
You visited 1 branch of the dungeon, and saw 3 of its levels.

You collected 179 gold pieces.

Inventory:

Hand Weapons
 a - a +0 hand axe (weapon)
Armour
 o - a +0 ring mail (worn)
Jewellery
 q - a +4 ring of slaying {unknown}
Scrolls
 c - a scroll of amnesia {unknown}
 d - a scroll of magic mapping {unknown}
 f - 5 scrolls of identify {unknown}
 g - a scroll of fog {unknown}
 j - a scroll of random uselessness {unknown}
 k - a scroll of immolation {unknown}
 l - a scroll of enchant armour {unknown}
 m - a scroll of blinking {unknown}
 n - 2 scrolls of teleportation {unknown}
 r - 2 scrolls of remove curse {unknown}
Potions
 b - a potion of might {unknown}
 e - 2 potions of curing {unknown}
 h - 2 potions of cancellation {unknown}
 i - a potion of resistance {unknown}
 p - 2 potions of heal wounds {unknown}
 s - a potion of haste {unknown}


   Skills:
 + Level 4.7 Fighting
 + Level 4.9 Axes
 - Level 2.4 Armour
 * Level 3.4 Dodging


You had 3 spell levels left.
You didn't know any spells.
Your spell library was empty.

Dungeon Overview and Level Annotations

Branches:
Dungeon (3/15)

Altars:
Makhleb
Nemelex Xobeh
Vehumet

Annotations:
D:3 Crazy Yiuf


Innate Abilities, Weirdness & Mutations

You reflexively headbutt those who attack you in melee.
You have a pair of horns on your head.


Message History

You open the door. You hit Crazy Yiuf.
Crazy Yiuf is lightly wounded.
Crazy Yiuf hits you with a +4 quarterstaff of chaos.
You hit Crazy Yiuf but do no damage.
Crazy Yiuf is lightly wounded.
Crazy Yiuf hits you with a +4 quarterstaff of chaos!
Crazy Yiuf freezes you.
You barely miss Crazy Yiuf.
Crazy Yiuf is lightly wounded.
Crazy Yiuf hits you with a +4 quarterstaff of chaos.
You hit Crazy Yiuf but do no damage.
Crazy Yiuf is lightly wounded.
Crazy Yiuf misses you. You furiously retaliate!
You headbutt Crazy Yiuf! You closely miss Crazy Yiuf.
Crazy Yiuf is heavily wounded.
Crazy Yiuf hits you with a +4 quarterstaff of chaos!
* * * LOW HITPOINT WARNING * * *
Crazy Yiuf freezes you.
You die...

†.....>......................#
†..##############.(..........####
†.............................)..
....#####################....####
....# #..# #........ #.#.# #.##
♣♣♣♣♣##.....### #.#.# #.# ###
♣♣♣.♣.........# ..#.# #.##
#...#♣..♣..........# ###.###..#
#...g@♣♣♣♣.........# ###.##...#
#)..#♣♣ ♣♣........# .........#
### ♣♣##.....# .........# #...#.#
####.....# #.#.#.# #.....###
############.#.#.### ####.......#
#............#.#.... ..##.......#
#............#.##### ..##.......#
#............#......


You could see Crazy Yiuf.

Vanquished Creatures
  A crimson imp (D:3)
  An adder (D:2)
  3 worms
  2 dart slugs
  2 leopard geckos
  An orc (D:3)
  4 bats
  2 giant cockroaches
  5 goblins
  9 hobgoblins
  4 jackals (D:3)
  4 frilled lizards (D:1)
  2 kobolds
  6 rats
46 creatures vanquished.

Notes
Turn   | Place    | Note
-------+----------+-------------------------------------------
     0 | D:1      | dohliylev the Minotaur Berserker began the quest for the
                  | Orb.
     0 | D:1      | Reached XP level 1. HP: 19/19 MP: 0/0
   242 | D:1      | Reached XP level 2. HP: 26/27 MP: 1/1
   806 | D:1      | Found a sparkling altar of Nemelex Xobeh.
  1098 | D:2      | Reached XP level 3. HP: 25/33 MP: 2/2
  2447 | D:3      | Found a runed translucent door.
  2448 | D:3      | Noticed Crazy Yiuf
  2569 | D:3      | Reached ** piety under Trog
  2639 | D:3      | Reached XP level 4. HP: 40/41 MP: 3/3
  2899 | D:3      | Found a radiant altar of Vehumet.
  2904 | D:3      | Found a burning altar of Makhleb.
  3128 | D:3      | Slain by Crazy Yiuf

Illustrated notes

Levels and vault maps discovered:
D:1:      heliophobic_arrival_ceremonial_halls, layout_basic,
          nemelex_diamond_rough_becter
D:2:      layout_basic, grunt_ministairs_5, minmay_tiny_reverse_x
D:3:      layout_basic, grunt_temple_overflow_lords_of_destruction,
          uniq_crazy_yiuf_cottage

Skill      XL: |  1  2  3 |
---------------+----------+-----
Fighting       | 4 |  4.7
Axes           | 4 |  4.9
Dodging        | 3 |  3.4
Armour         | |  2.4

Action                   |  1- 3 |  4- 6 || total
-------------------------+-------+-------++-------
Melee: Hand axe          |    89 |    15 ||   104
       Headbutt          |     8 |     1 ||     9
Invok: Berserk           |     2 |       ||     2
Armor: Animal skin       |     9 |       ||     9
       Ring mail         |     9 |     3 ||    12
Dodge: Dodged            |    62 |     6 ||    68
